Wolves vs Comets

Created - Friday, November 06, 2015 at 02:02

Goals
1 2 3 T
Wolves 1 0 0 1
Comets 0 0 2 2
Shots
1 2 3 T
Wolves 14 8 5 27
Comets 2 8 17 27

1st period

1. Wolves , Joakim Nordstrom 3 (Ryan Reaves, Joe Whitney) at 11:33 (PP)

Penalties :
Andrew Ference (UTI) for Hooking (Minor) at 0:58, Nicklas Jensen (UTI) for Tripping (Minor) at 5:38, Ben Hanowski (UTI) for Fighting (Major) at 10:02, Blair Jones (CHI) for Fighting (Major) at 10:02, John Scott (UTI) for Hooking (Minor) at 11:28, Kent Huskins (UTI) for Fighting (Major) at 11:36, Colton Sissons (CHI) for Fighting (Major) at 11:36, Nicklas Jensen (UTI) for High sticking (Minor) at 14:19, Nicklas Jensen (UTI) for High sticking (Minor) at 19:49

2nd period

No Goal

Penalties :
Kent Huskins (UTI) for Fighting (Major) at 2:19, Kevin Lynch (CHI) for Fighting (Major) at 2:19, Kent Huskins (UTI) for instigated a fight (Minor) at 2:19, Kent Huskins (UTI) for instigated a fight (10 Minutes Misconduct) at 2:19, Sven Baertschi (UTI) for Hooking (Minor) at 3:03, Nicklas Jensen (UTI) for Fighting (Major) at 7:37, Eric Baier (CHI) for Fighting (Major) at 7:37, Nicklas Jensen (UTI) for Hooking (Minor) at 18:27

3rd period

2. Comets , Andrew Ference 1 (Mark Pysyk, Scott Glennie) at 1:45
3. Comets , Tyler Kennedy 2 (Jeremy Welsh) at 4:15

Penalties :
Kent Huskins (UTI) for Fighting (Major / Game Misconduct) at 4:01, Kevin Lynch (CHI) for Fighting (Major) at 4:01, Ben Hanowski (UTI) for Fighting (Major) at 5:20, Eric Baier (CHI) for Fighting (Major) at 5:20, John Scott (UTI) for Hooking (Minor) at 5:53, Adam Pelech (CHI) for Hooking (Minor) at 11:05, Andre Benoit (CHI) for Slashing (Minor) at 18:47

Goalie Stats

Jared Coreau (CHI), 25 saves from 27 shots - (0.926), L, 4-2-1, 60:00 minutes
Mike Condon (UTI), 26 saves from 27 shots - (0.963), W, 7-5-2, 60:00 minutes

Players Stats for Wolves

Player Name              G  A  P  +/- PIM S  H  SB GA TA FO     MP     PP MP  PK MP  
------------------------------------------------------------------------------------
Adam Pelech              0  0  0   0  2   0  1  2  0  1  0/0    15:14   0:00   0:00 
Andre Benoit             0  0  0  -1  2   5  0  3  1  0  0/0    26:38   7:28   1:42 
Blair Jones              0  0  0  -1  5   1  3  1  6  0  8/9    20:21   8:37   0:43 
Brian O'Neill            0  0  0  -1  0   1  0  0  2  0  0/0    18:10   6:23   0:00 
Colton Sissons           0  0  0  -1  5   2  2  0  0  2  13/15  15:54   5:26   0:00 
Eric Baier               0  0  0  -1  10  0  0  2  0  0  0/0    15:56   5:15   0:49 
Evan Rankin              0  0  0   0  0   0  1  0  6  2  0/0    11:15   0:00   0:43 
Joakim Nordstrom         1  0  1  -1  0   5  3  1  3  2  1/1    19:23   6:20   0:00 
Joe Piskula              0  0  0  -1  0   1  0  0  0  0  0/0    22:08   5:15   0:49 
Joe Vitale               0  0  0  -1  0   2  0  1  0  0  3/13   13:42   0:00   2:28 
Joe Whitney              0  1  1   0  0   3  0  0  5  0  8/11   16:32   3:29   0:00 
Josh Anderson            0  0  0   0  0   2  1  0  2  0  0/1    10:17   0:00   0:00 
Kevin Lynch              0  0  0   0  10  1  0  0  0  0  5/6     8:54   0:00   0:00 
Marek Tvrdon             0  0  0   0  0   1  0  0  2  1  0/1    11:27   1:34   0:00 
Ryan Reaves              0  1  1  -1  0   1  5  1  5  2  0/0    21:51   6:20   2:28 
Ryan Sproul              0  0  0  -1  0   1  3  2  0  2  0/0    27:19   7:28   2:22 
Sebastian Wannstrom      0  0  0   0  0   1  0  1  0  0  4/4     8:44   0:00   0:00 
Zach Miskovic            0  0  0   0  0   0  2  2  0  1  0/0    12:56   0:00   0:40 

Players Stats for Comets

Player Name              G  A  P  +/- PIM S  H  SB GA TA FO     MP     PP MP  PK MP  
------------------------------------------------------------------------------------
Andrew Ference           1  0  1   1  2   4  5  2  6  7  0/0    28:51   1:41   7:04 
Ben Hanowski             0  0  0   0  10  2  0  0  0  0  0/0    12:57   1:30   0:00 
Brendan Gaunce           0  0  0   0  0   2  0  0  1  0  5/12   16:06   1:30   0:00 
Derek Meech              0  0  0   1  0   1  0  1  0  1  0/0    16:27   1:30   0:00 
Jeremy Welsh             0  1  1   1  0   1  0  0  0  0  5/11   14:38   1:41   3:06 
Joel Broda               0  0  0   1  0   0  1  1  0  1  4/11   12:03   0:00   0:00 
John Scott               0  0  0   1  4   1  5  1  1  1  0/0    21:20   1:30   5:21 
Kent Huskins             0  0  0   0  37  0  0  0  0  1  0/0     5:49   0:00   3:02 
Logan Shaw               0  0  0   0  0   1  0  0  0  0  0/2     9:16   0:00   1:45 
Mark Pysyk               0  1  1   1  0   0  1  1  0  1  0/0    23:26   1:41   7:22 
Mat Clark                0  0  0   0  0   1  0  3  0  0  0/0    15:10   0:00   2:37 
Mike Sislo               0  0  0   1  0   4  2  1  1  1  1/3    21:28   1:41   7:52 
Mike Zalewski            0  0  0   0  0   0  1  0  0  1  0/2     5:05   0:00   0:00 
Nicklas Jensen           0  0  0   1  13  5  1  0  1  2  0/0    17:03   0:32   0:00 
Scott Glennie            0  1  1   1  0   1  1  1  2  1  0/0    12:03   0:00   0:00 
Sven Baertschi           0  0  0   0  2   2  1  1  5  0  1/3    19:39   1:30   2:55 
Tyler Kennedy            1  0  1   1  0   2  1  2  1  0  3/17   25:26   1:09   8:32 
Yann Sauve               0  0  0   0  0   0  1  2  0  2  0/0     9:01   0:00   0:00 

3 Stars

1 - Mike Condon (UTI)
2 - Andrew Ference (UTI)
3 - Tyler Kennedy (UTI)

Power Play

Wolves - 1 on 9 Attempt(s) - 11.11%
Comets - 0 on 2 Attempt(s) - 0.00%

Penalty Kill

Wolves - 2 on 2 Attempt(s) - 100.00% - Score 0 goal in Penalty Kill
Comets - 8 on 9 Attempt(s) - 88.89% - Score 0 goal in Penalty Kill

Team Stat

Wolves - Hits : 21 - Faceoff Wins : 42 - Blocked Shots : 16 - Penalty Minutes : 34
Comets - Hits : 20 - Faceoff Wins : 19 - Blocked Shots : 16 - Penalty Minutes : 68

Official

Referees : Unknown
Linesman : Unknown

Game Notes

Ben Hanowski beats up Blair Jones at 10:02 of 1st period
Kent Huskins beats up Colton Sissons at 11:36 of 1st period
Kent Huskins and Kevin Lynch fight to a draw at 2:19 of 2nd period
Eric Baier beats up Nicklas Jensen at 7:37 of 2nd period
Kent Huskins and Kevin Lynch fight to a draw at 4:01 of 3rd period
Kent Huskins ejected from game at 4:01 of 3rd period
Eric Baier beats up Ben Hanowski at 5:20 of 3rd period

Finance

Level 1 -- Attendance: 1546 (77.30%) -- Ticket Income $54,110
Level 2 -- Attendance: 808 (80.80%) -- Ticket Income $12,120
Total Attendance: 2354 (78.47%)
Total Ticket Income: $66,230
Other Income: $32,453
Total Income: $98,683

Wolves

5 vs 5 Forward 
   Center                   Left Wing                Right Wing               Time % Phy DF OF 
 1 Joe Vitale               Joakim Nordstrom         Ryan Reaves              35     1   2  2  
 2 Colton Sissons           Blair Jones              Brian O'Neill            30     1   2  2  
 3 Sebastian Wannstrom      Joe Whitney              Marek Tvrdon             22     1   2  2  
 4 Kevin Lynch              Josh Anderson            Evan Rankin              13     1   2  2  

5 vs 5 Defense 
   Defense                  Defense                                           Time % Phy DF OF 
 1 Andre Benoit             Ryan Sproul                                       35     1   2  2  
 2 Joe Piskula              Eric Baier                                        30     1   2  2  
 3 Adam Pelech              Zach Miskovic                                     22     1   2  2  
 4 Andre Benoit             Ryan Sproul                                       13     1   2  2  

PowerPlay Forward 
   Center                   Left Wing                Right Wing               Time % Phy DF OF 
 1 Blair Jones              Joakim Nordstrom         Ryan Reaves              60     1   2  2  
 2 Colton Sissons           Blair Jones              Brian O'Neill            40     1   2  2  

PowerPlay Defense
   Defense                  Defense                                           Time % Phy DF OF 
 1 Andre Benoit             Ryan Sproul                                       60     1   2  2  
 2 Joe Piskula              Eric Baier                                        40     1   2  2  

Penalty Kill 4 Players Forward 
   Center                   Wing                     Time % Phy DF OF 
 1 Joe Vitale               Ryan Reaves              60     1   2  2  
 2 Joakim Nordstrom         Colton Sissons           40     1   2  2  

Penalty Kill 4 Players Defense
   Defense                  Defense                  Time % Phy DF OF 
 1 Andre Benoit             Ryan Sproul              60     1   2  2  
 2 Joe Piskula              Eric Baier               40     1   2  2  

Penalty Kill - 3 Players Forward 
   Forward                                           Time % Phy DF OF 
 1 Joe Vitale                                        60     1   2  2  
 2 Ryan Reaves                                       40     1   2  2  

Penalty Kill - 3 Players Defense
   Defense                  Defense                  Time % Phy DF OF 
 1 Andre Benoit             Ryan Sproul              60     1   2  2  
 2 Joe Piskula              Eric Baier               40     1   2  2  

4 vs 4 Forward 
   Center                   Wing                     Time % Phy DF OF 
 1 Joe Vitale               Ryan Reaves              60     1   2  2  
 2 Joakim Nordstrom         Colton Sissons           40     1   2  2  

4 vs 4 Defense
   Defense                  Defense                  Time % Phy DF OF 
 1 Andre Benoit             Ryan Sproul              60     1   2  2  
 2 Joe Piskula              Eric Baier               40     1   2  2  

Last Minutes Offensive
   Center                   Left Wing                Right Wing               Defense                  Defense                  
   Joe Vitale               Joakim Nordstrom         Ryan Reaves              Andre Benoit             Ryan Sproul              

Last Minutes Defensive
   Center                   Left Wing                Right Wing               Defense                  Defense                  
   Joe Vitale               Joakim Nordstrom         Ryan Reaves              Andre Benoit             Ryan Sproul              

Goaltenders
Starting : Jared Coreau             
Backup : Evgeni Nabokov           

Extra Forwards
Normal : Joe Whitney, Marek Tvrdon, Evan Rankin - PP : Joe Whitney, Marek Tvrdon - PK : Evan Rankin
Extra Defensemen
Normal : Adam Pelech, Zach Miskovic, Joe Piskula - PP : Adam Pelech - PK : Zach Miskovic, Joe Piskula
Penalty Shots
Joe Vitale, Ryan Reaves, Joakim Nordstrom, Colton Sissons, Blair Jones

Comets

5 vs 5 Forward 
   Center                   Left Wing                Right Wing               Time % Phy DF OF 
 1 Jeremy Welsh             Tyler Kennedy            Mike Sislo               35     1   2  2  
 2 Brendan Gaunce           Sven Baertschi           Ben Hanowski             30     1   2  2  
 3 Joel Broda               Nicklas Jensen           Scott Glennie            22     1   2  2  
 4 Tyler Kennedy            Mike Zalewski            Logan Shaw               13     1   2  2  

5 vs 5 Defense 
   Defense                  Defense                                           Time % Phy DF OF 
 1 Andrew Ference           Mark Pysyk                                        35     1   2  2  
 2 John Scott               Kent Huskins                                      30     1   2  2  
 3 Derek Meech              Mat Clark                                         22     1   2  2  
 4 Yann Sauve               Andrew Ference                                    13     1   2  2  

PowerPlay Forward 
   Center                   Left Wing                Right Wing               Time % Phy DF OF 
 1 Jeremy Welsh             Tyler Kennedy            Mike Sislo               60     1   2  2  
 2 Brendan Gaunce           Sven Baertschi           Ben Hanowski             40     1   2  2  

PowerPlay Defense
   Defense                  Defense                                           Time % Phy DF OF 
 1 Andrew Ference           Mark Pysyk                                        60     1   2  2  
 2 John Scott               Kent Huskins                                      40     1   2  2  

Penalty Kill 4 Players Forward 
   Center                   Wing                     Time % Phy DF OF 
 1 Tyler Kennedy            Mike Sislo               60     1   2  2  
 2 Sven Baertschi           Jeremy Welsh             40     1   2  2  

Penalty Kill 4 Players Defense
   Defense                  Defense                  Time % Phy DF OF 
 1 Andrew Ference           Mark Pysyk               60     1   2  2  
 2 John Scott               Kent Huskins             40     1   2  2  

Penalty Kill - 3 Players Forward 
   Forward                                           Time % Phy DF OF 
 1 Tyler Kennedy                                     60     1   2  2  
 2 Mike Sislo                                        40     1   2  2  

Penalty Kill - 3 Players Defense
   Defense                  Defense                  Time % Phy DF OF 
 1 Andrew Ference           Mark Pysyk               60     1   2  2  
 2 John Scott               Kent Huskins             40     1   2  2  

4 vs 4 Forward 
   Center                   Wing                     Time % Phy DF OF 
 1 Tyler Kennedy            Mike Sislo               60     1   2  2  
 2 Sven Baertschi           Jeremy Welsh             40     1   2  2  

4 vs 4 Defense
   Defense                  Defense                  Time % Phy DF OF 
 1 Andrew Ference           Mark Pysyk               60     1   2  2  
 2 John Scott               Kent Huskins             40     1   2  2  

Last Minutes Offensive
   Center                   Left Wing                Right Wing               Defense                  Defense                  
   Jeremy Welsh             Tyler Kennedy            Mike Sislo               Andrew Ference           Mark Pysyk               

Last Minutes Defensive
   Center                   Left Wing                Right Wing               Defense                  Defense                  
   Jeremy Welsh             Tyler Kennedy            Mike Sislo               Andrew Ference           Mark Pysyk               

Goaltenders
Starting : Mike Condon              
Backup : Scott Wedgewood          

Extra Forwards
Normal : Nicklas Jensen, Scott Glennie, Logan Shaw - PP : Nicklas Jensen, Scott Glennie - PK : Logan Shaw
Extra Defensemen
Normal : Derek Meech, Mat Clark, Yann Sauve - PP : Derek Meech - PK : Mat Clark, Yann Sauve
Penalty Shots
Tyler Kennedy, John Scott, Mike Sislo, Sven Baertschi, Jeremy Welsh

% Time on Ice - Wolves

Lines # - Real PCT - Wanted PCT - Time Play
Normal Forward
1 - 30% - 35% - 13:18
2 - 27% - 30% - 11:47
3 - 20% - 22% - 8:44
4 - 23% - 13% - 10:17
Normal Defense
1 - 34% - 35% - 15:08
2 - 36% - 30% - 16:04
3 - 24% - 22% - 10:33
4 - 5% - 13% - 2:21
PP Forward
1 - 50% - 60% - 6:20
2 - 50% - 40% - 6:23
PP Defense
1 - 59% - 60% - 7:28
2 - 41% - 40% - 5:15
PK Forward
1 - 100% - 60% - 3:11
2 - 0% - 40% - 0:00
PK Defense
1 - 74% - 60% - 2:22
2 - 26% - 40% - 0:49
PK3 Forward
1 - 0% - 60%
2 - 0% - 40%
PK3 Defense
1 - 0% - 60%
2 - 0% - 40%
44 Forward
1 - 0% - 60%
2 - 0% - 40%
44 Defense
1 - 0% - 60%
2 - 0% - 40%
Last Minute Offensive  - 0:00
Last Minute Defensive  - 0:00
Total
Forward - 60:00
Defense - 60:00

% Time on Ice - Comets

Lines # - Real PCT - Wanted PCT - Time Play
Normal Forward
1 - 27% - 35% - 11:55
2 - 34% - 30% - 15:03
3 - 27% - 22% - 12:03
4 - 12% - 13% - 5:05
Normal Defense
1 - 33% - 35% - 14:23
2 - 33% - 30% - 14:31
3 - 21% - 22% - 9:28
4 - 13% - 13% - 5:44
PP Forward
1 - 53% - 60% - 1:41
2 - 47% - 40% - 1:30
PP Defense
1 - 53% - 60% - 1:41
2 - 47% - 40% - 1:30
PK Forward
1 - 73% - 60% - 8:22
2 - 27% - 40% - 3:06
PK Defense
1 - 55% - 60% - 6:16
2 - 45% - 40% - 5:12
PK3 Forward
1 - 100% - 60% - 1:15
2 - 0% - 40% - 0:00
PK3 Defense
1 - 88% - 60% - 1:06
2 - 12% - 40% - 0:09
44 Forward
1 - 0% - 60%
2 - 0% - 40%
44 Defense
1 - 0% - 60%
2 - 0% - 40%
Last Minute Offensive  - 0:00
Last Minute Defensive  - 0:00
Total
Forward - 60:00
Defense - 60:00

Play by Play

1st period


0:01 of 1st period - Jeremy Welsh wins face-off versus Joe Vitale in neutral zone.
0:07 of 1st period - Off-side.
0:08 of 1st period - Jeremy Welsh wins face-off versus Joe Vitale in neutral zone.
0:35 of 1st period - Wrist shot by Joakim Nordstrom.
0:35 of 1st period - Shot Misses the Net.
0:43 of 1st period - Andre Benoit is hit by Tyler Kennedy and loses puck.
0:58 of 1st period - Minor Penalty to Andrew Ference for Hooking.
0:59 of 1st period - Colton Sissons wins face-off versus Tyler Kennedy in Comets zone.
1:12 of 1st period - Slapshot by Brian O'Neill.
1:12 of 1st period - Stopped by Mike Condon with a rebound.
1:14 of 1st period - Slapshot by Colton Sissons.
1:14 of 1st period - Shot Blocked by John Scott.
1:30 of 1st period - Snap shot by Brian O'Neill.
1:30 of 1st period - Shot Misses the Net.
1:50 of 1st period - Kent Huskins is hit by Joakim Nordstrom and loses puck.
1:57 of 1st period - Snap shot by Joakim Nordstrom.
1:57 of 1st period - Shot Misses the Net.
2:58 of 1st period - Penalty to Andrew Ference is over, Andrew Ference is back on ice.
3:07 of 1st period - Wrist shot by Ryan Reaves.
3:07 of 1st period - Deflect By Joe Whitney.
3:07 of 1st period - Shot Blocked by Mat Clark.
3:07 of 1st period - Puck is out of play.
3:08 of 1st period - Joel Broda wins face-off versus Joe Whitney in Comets zone.
3:08 of 1st period - Joel Broda is hit by Adam Pelech.
3:59 of 1st period - Adam Pelech is hit by Andrew Ference and loses puck.
4:19 of 1st period - Brendan Gaunce is hit by Evan Rankin and loses puck.
4:52 of 1st period - Marek Tvrdon is hit by Mike Zalewski and loses puck.
5:38 of 1st period - Minor Penalty to Nicklas Jensen for Tripping.
5:39 of 1st period - Tyler Kennedy wins face-off versus Colton Sissons in Comets zone.
5:39 of 1st period - Tyler Kennedy is hit by Blair Jones.
6:32 of 1st period - Colton Sissons is hit by Andrew Ference.
6:38 of 1st period - Wrist shot by Andre Benoit.
6:38 of 1st period - Shot Blocked by Andrew Ference.
6:40 of 1st period - Slapshot by Marek Tvrdon.
6:40 of 1st period - Shot Misses the Net.
6:56 of 1st period - Slapshot by Andre Benoit.
6:56 of 1st period - Stopped by Mike Condon without a rebound.
6:57 of 1st period - Colton Sissons wins face-off versus Tyler Kennedy in Comets zone.
7:26 of 1st period - Slapshot by Mike Sislo.
7:26 of 1st period - Stopped by Jared Coreau without a rebound.
7:27 of 1st period - Blair Jones wins face-off versus Logan Shaw in Wolves zone.
7:38 of 1st period - Penalty to Nicklas Jensen is over, Nicklas Jensen is back on ice.
8:19 of 1st period - John Scott is hit by Josh Anderson and loses puck.
9:05 of 1st period - Snap shot by Sven Baertschi.
9:05 of 1st period - Deflect By Ben Hanowski.
9:05 of 1st period - Shot Misses the Net.
9:05 of 1st period - Puck is out of play.
9:06 of 1st period - Sebastian Wannstrom wins face-off versus Brendan Gaunce in Wolves zone.
9:15 of 1st period - Snap shot by Joe Whitney.
9:15 of 1st period - Deflect By Ben Hanowski.
9:15 of 1st period - Shot Blocked by Derek Meech.
9:15 of 1st period - Puck is out of play.
9:16 of 1st period - Sebastian Wannstrom wins face-off versus Tyler Kennedy in Comets zone.
9:53 of 1st period - Slapshot by Josh Anderson.
9:53 of 1st period - Stopped by Mike Condon without a rebound.
9:54 of 1st period - Brendan Gaunce wins face-off versus Colton Sissons in Comets zone.
10:02 of 1st period - Ben Hanowski beats up Blair Jones.
10:02 of 1st period - Penalty to Ben Hanowski for Fighting.
10:02 of 1st period - Penalty to Blair Jones for Fighting.
10:03 of 1st period - Brendan Gaunce wins face-off versus Joe Vitale in neutral zone.
10:08 of 1st period - Snap shot by Sven Baertschi.
10:08 of 1st period - Stopped by Jared Coreau with a rebound.
10:18 of 1st period - Snap shot by Ryan Reaves.
10:18 of 1st period - Shot Misses the Net.
10:20 of 1st period - Wrist shot by Joakim Nordstrom.
10:20 of 1st period - Shot Misses the Net.
10:40 of 1st period - Joe Vitale is hit by Nicklas Jensen and loses puck.
11:01 of 1st period - Snap shot by Colton Sissons.
11:01 of 1st period - Stopped by Mike Condon with a rebound.
11:05 of 1st period - Slapshot by Joe Whitney.
11:05 of 1st period - Shot Misses the Net.
11:07 of 1st period - Wrist shot by Colton Sissons.
11:07 of 1st period - Stopped by Mike Condon without a rebound.
11:08 of 1st period - Colton Sissons wins face-off versus Mike Zalewski in Comets zone.
11:28 of 1st period - Minor Penalty to John Scott for Hooking.
11:29 of 1st period - Joe Whitney wins face-off versus Tyler Kennedy in Comets zone.
11:33 of 1st period - Snap shot by Joakim Nordstrom.
11:33 of 1st period - Goal by Joakim Nordstrom - Wolves : 1 - Comets : 0.
11:34 of 1st period - Joe Whitney wins face-off versus Brendan Gaunce in neutral zone.
11:36 of 1st period - Kent Huskins beats up Colton Sissons.
11:36 of 1st period - Penalty to Kent Huskins for Fighting.
11:36 of 1st period - Penalty to Colton Sissons for Fighting.
11:37 of 1st period - Joe Whitney wins face-off versus Jeremy Welsh in neutral zone.
12:29 of 1st period - Brendan Gaunce is hit by Joakim Nordstrom and loses puck.
12:48 of 1st period - Brendan Gaunce is hit by Ryan Reaves and loses puck.
12:57 of 1st period - Andrew Ference is hit by Ryan Sproul and loses puck.
13:28 of 1st period - Wrist shot by Josh Anderson.
13:28 of 1st period - Stopped by Mike Condon without a rebound.
13:29 of 1st period - Joe Whitney wins face-off versus Mike Zalewski in Comets zone.
13:36 of 1st period - Wrist shot by Tyler Kennedy.
13:36 of 1st period - Shot Blocked by Adam Pelech.
13:53 of 1st period - Off-side.
13:54 of 1st period - Kevin Lynch wins face-off versus Joel Broda in neutral zone.
14:02 of 1st period - Snap shot by Joe Piskula.
14:02 of 1st period - Stopped by Mike Condon with a rebound.
14:04 of 1st period - Snap shot by Joe Piskula.
14:04 of 1st period - Shot Misses the Net.
14:06 of 1st period - Slapshot by Joe Piskula.
14:06 of 1st period - Shot Blocked by Joel Broda.
14:08 of 1st period - Snap shot by Kevin Lynch.
14:08 of 1st period - Shot Misses the Net.
14:10 of 1st period - Slapshot by Eric Baier.
14:10 of 1st period - Shot Blocked by Scott Glennie.
14:19 of 1st period - Minor Penalty to Nicklas Jensen for High sticking.
14:20 of 1st period - Joe Whitney wins face-off versus Tyler Kennedy in Comets zone.
14:20 of 1st period - Slapshot by Ryan Reaves.
14:20 of 1st period - Deflect By Tyler Kennedy.
14:20 of 1st period - Shot Misses the Net.
14:20 of 1st period - Puck is out of play.
14:21 of 1st period - Tyler Kennedy wins face-off versus Joe Whitney in Comets zone.
14:46 of 1st period - Slapshot by Andre Benoit.
14:46 of 1st period - Deflect By Andrew Ference.
14:46 of 1st period - Stopped by Mike Condon with a rebound.
14:48 of 1st period - Wrist shot by Ryan Reaves.
14:48 of 1st period - Shot Blocked by Tyler Kennedy.
14:50 of 1st period - Backhand shot by Ryan Reaves.
14:50 of 1st period - Shot Blocked by Tyler Kennedy.
14:52 of 1st period - Snap shot by Joe Whitney.
14:52 of 1st period - Stopped by Mike Condon with a rebound.
14:54 of 1st period - Slapshot by Andre Benoit.
14:54 of 1st period - Stopped by Mike Condon with a rebound.
14:56 of 1st period - Slapshot by Andre Benoit.
14:56 of 1st period - Deflect By Joakim Nordstrom.
14:56 of 1st period - Shot Misses the Net.
14:56 of 1st period - Puck is out of play.
14:57 of 1st period - Joe Whitney wins face-off versus Tyler Kennedy in Comets zone.
15:02 of 1st period - Penalty to Ben Hanowski is over, Ben Hanowski is back on ice.
15:38 of 1st period - Snap shot by Mike Sislo.
15:38 of 1st period - Deflect By Tyler Kennedy.
15:38 of 1st period - Shot Blocked by Joakim Nordstrom.
15:38 of 1st period - Puck is out of play.
15:39 of 1st period - Blair Jones wins face-off versus Tyler Kennedy in Wolves zone.
15:44 of 1st period - Slapshot by Andre Benoit.
15:44 of 1st period - Shot Misses the Net.
15:46 of 1st period - Slapshot by Andre Benoit.
15:46 of 1st period - Shot Misses the Net.
15:48 of 1st period - Slapshot by Andre Benoit.
15:48 of 1st period - Shot Misses the Net.
15:50 of 1st period - Wrist shot by Joakim Nordstrom.
15:50 of 1st period - Shot Blocked by Mike Sislo.
15:52 of 1st period - Slapshot by Ryan Sproul.
15:52 of 1st period - Stopped by Mike Condon with a rebound.
15:54 of 1st period - Snap shot by Andre Benoit.
15:54 of 1st period - Stopped by Mike Condon without a rebound.
15:55 of 1st period - Sven Baertschi wins face-off versus Joe Whitney in Comets zone.
16:10 of 1st period - Backhand shot by Andre Benoit.
16:10 of 1st period - Deflect By Joe Whitney.
16:10 of 1st period - Shot Blocked by Andrew Ference.
16:10 of 1st period - Puck is out of play.
16:11 of 1st period - Joe Whitney wins face-off versus Sven Baertschi in Comets zone.
16:19 of 1st period - Penalty to Nicklas Jensen is over, Nicklas Jensen is back on ice.
18:09 of 1st period - Kent Huskins is hit by Zach Miskovic and loses puck.
18:35 of 1st period - Snap shot by Sven Baertschi.
18:35 of 1st period - Shot Misses the Net.
18:57 of 1st period - Slapshot by Joel Broda.
18:57 of 1st period - Shot Blocked by Zach Miskovic.
18:59 of 1st period - Slapshot by Mat Clark.
18:59 of 1st period - Deflect By Scott Glennie.
18:59 of 1st period - Shot Blocked by Sebastian Wannstrom.
18:59 of 1st period - Puck is out of play.
19:00 of 1st period - Kevin Lynch wins face-off versus Brendan Gaunce in Wolves zone.
19:07 of 1st period - Snap shot by Andre Benoit.
19:07 of 1st period - Stopped by Mike Condon without a rebound.
19:08 of 1st period - Brendan Gaunce wins face-off versus Josh Anderson in Comets zone.
19:08 of 1st period - Brendan Gaunce is hit by Ryan Sproul.
19:23 of 1st period - Slapshot by Andre Benoit.
19:23 of 1st period - Shot Misses the Net.
19:25 of 1st period - Wrist shot by Evan Rankin.
19:25 of 1st period - Shot Misses the Net.
19:49 of 1st period - Minor Penalty to Nicklas Jensen for High sticking.
19:50 of 1st period - Blair Jones wins face-off versus Sven Baertschi in Comets zone.
Goals for this period are 1 for Wolves vs 0 for Comets.
Shots for this period are 14 for Wolves vs 2 for Comets.

2nd period


0:01 of 2nd period - Blair Jones wins face-off versus Mike Sislo in neutral zone.
0:26 of 2nd period - Snap shot by Ryan Reaves.
0:26 of 2nd period - Shot Misses the Net.
0:57 of 2nd period - Mike Sislo is hit by Blair Jones and loses puck.
1:21 of 2nd period - Wrist shot by Blair Jones.
1:21 of 2nd period - Shot Misses the Net.
1:47 of 2nd period - Eric Baier is hit by Mark Pysyk.
1:49 of 2nd period - Penalty to Nicklas Jensen is over, Nicklas Jensen is back on ice.
2:13 of 2nd period - Wrist shot by Evan Rankin.
2:13 of 2nd period - Shot Misses the Net.
2:15 of 2nd period - Snap shot by Kevin Lynch.
2:15 of 2nd period - Deflect By Andrew Ference.
2:15 of 2nd period - Shot Misses the Net.
2:15 of 2nd period - Puck is out of play.
2:16 of 2nd period - Kevin Lynch wins face-off versus Joel Broda in Comets zone.
2:18 of 2nd period - Icing by Scott Glennie.
2:19 of 2nd period - Joel Broda wins face-off versus Kevin Lynch in Comets zone.
2:19 of 2nd period - Kent Huskins and Kevin Lynch fight to a draw.
2:19 of 2nd period - Penalty to Kent Huskins for Fighting.
2:19 of 2nd period - Penalty to Kevin Lynch for Fighting.
2:19 of 2nd period - Penalty to Kent Huskins for instigated a fight.
2:19 of 2nd period - Penalty to Kent Huskins for instigated a fight.
2:20 of 2nd period - Colton Sissons wins face-off versus Tyler Kennedy in Comets zone.
2:42 of 2nd period - Off-side.
2:43 of 2nd period - Tyler Kennedy wins face-off versus Blair Jones in neutral zone.
3:03 of 2nd period - Minor Penalty to Sven Baertschi for Hooking.
3:04 of 2nd period - Blair Jones wins face-off versus Tyler Kennedy in Comets zone.
4:09 of 2nd period - Off-side.
4:10 of 2nd period - Colton Sissons wins face-off versus Tyler Kennedy in neutral zone.
4:19 of 2nd period - Penalty to Kent Huskins is over, Logan Shaw is send on ice.
4:19 of 2nd period - Snap shot by Joe Whitney.
4:19 of 2nd period - Shot Misses the Net.
4:21 of 2nd period - Slapshot by Eric Baier.
4:21 of 2nd period - Deflect By Joe Whitney.
4:21 of 2nd period - Shot Misses the Net.
4:21 of 2nd period - Puck is out of play.
4:22 of 2nd period - Colton Sissons wins face-off versus Logan Shaw in Comets zone.
5:03 of 2nd period - Penalty to Sven Baertschi is over, Sven Baertschi is back on ice.
5:05 of 2nd period - Tyler Kennedy is hit by Joakim Nordstrom and loses puck.
5:20 of 2nd period - Andre Benoit is hit by John Scott and loses puck.
5:31 of 2nd period - Snap shot by Nicklas Jensen.
5:31 of 2nd period - Stopped by Jared Coreau without a rebound.
5:32 of 2nd period - Joe Whitney wins face-off versus Joel Broda in Wolves zone.
6:17 of 2nd period - Joakim Nordstrom is hit by Sven Baertschi.
6:36 of 2nd period - Colton Sissons is hit by Yann Sauve and loses puck.
7:29 of 2nd period - Eric Baier is hit by John Scott and loses puck.
7:37 of 2nd period - Eric Baier beats up Nicklas Jensen.
7:37 of 2nd period - Penalty to Nicklas Jensen for Fighting.
7:37 of 2nd period - Penalty to Eric Baier for Fighting.
7:38 of 2nd period - Joe Vitale wins face-off versus Jeremy Welsh in Comets zone.
7:51 of 2nd period - Snap shot by Tyler Kennedy.
7:51 of 2nd period - Shot Misses the Net.
8:02 of 2nd period - Mike Sislo is hit by Ryan Reaves and loses puck.
8:49 of 2nd period - Wrist shot by Brendan Gaunce.
8:49 of 2nd period - Shot Misses the Net.
9:31 of 2nd period - Scott Glennie is hit by Colton Sissons and loses puck.
10:33 of 2nd period - Joakim Nordstrom is hit by Joel Broda and loses puck.
11:14 of 2nd period - Off-side.
11:15 of 2nd period - Colton Sissons wins face-off versus Joel Broda in neutral zone.
11:26 of 2nd period - Slapshot by John Scott.
11:26 of 2nd period - Deflect By Blair Jones.
11:26 of 2nd period - Stopped by Jared Coreau with a rebound.
11:28 of 2nd period - Wrist shot by Scott Glennie.
11:28 of 2nd period - Stopped by Jared Coreau with a rebound.
12:11 of 2nd period - Andre Benoit is hit by John Scott and loses puck.
12:53 of 2nd period - Snap shot by Ryan Reaves.
12:53 of 2nd period - Shot Blocked by Mat Clark.
13:33 of 2nd period - Wrist shot by Ben Hanowski.
13:33 of 2nd period - Stopped by Jared Coreau without a rebound.
13:34 of 2nd period - Kevin Lynch wins face-off versus Brendan Gaunce in Wolves zone.
14:04 of 2nd period - Snap shot by Nicklas Jensen.
14:04 of 2nd period - Shot Misses the Net.
14:10 of 2nd period - Backhand shot by Nicklas Jensen.
14:10 of 2nd period - Stopped by Jared Coreau with a rebound.
14:12 of 2nd period - Slapshot by Andrew Ference.
14:12 of 2nd period - Shot Misses the Net.
14:14 of 2nd period - Snap shot by Logan Shaw.
14:14 of 2nd period - Stopped by Jared Coreau with a rebound.
14:16 of 2nd period - Wrist shot by Mike Zalewski.
14:16 of 2nd period - Shot Misses the Net.
14:18 of 2nd period - Slapshot by Andrew Ference.
14:18 of 2nd period - Shot Blocked by Eric Baier.
14:40 of 2nd period - Snap shot by Sven Baertschi.
14:40 of 2nd period - Shot Misses the Net.
15:24 of 2nd period - Slapshot by Brian O'Neill.
15:24 of 2nd period - Shot Misses the Net.
15:26 of 2nd period - Backhand shot by Brian O'Neill.
15:26 of 2nd period - Shot Misses the Net.
15:28 of 2nd period - Snap shot by Colton Sissons.
15:28 of 2nd period - Shot Blocked by Sven Baertschi.
15:58 of 2nd period - Snap shot by Joakim Nordstrom.
15:58 of 2nd period - Shot Misses the Net.
16:00 of 2nd period - Wrist shot by Joakim Nordstrom.
16:00 of 2nd period - Shot Misses the Net.
16:10 of 2nd period - Wrist shot by Ryan Reaves.
16:10 of 2nd period - Shot Misses the Net.
16:12 of 2nd period - Wrist shot by Joe Vitale.
16:12 of 2nd period - Shot Misses the Net.
16:14 of 2nd period - Snap shot by Joe Vitale.
16:14 of 2nd period - Stopped by Mike Condon with a rebound.
16:39 of 2nd period - Wrist shot by Marek Tvrdon.
16:39 of 2nd period - Shot Misses the Net.
16:41 of 2nd period - Snap shot by Marek Tvrdon.
16:41 of 2nd period - Shot Misses the Net.
16:43 of 2nd period - Wrist shot by Joe Whitney.
16:43 of 2nd period - Stopped by Mike Condon with a rebound.
16:45 of 2nd period - Wrist shot by Sebastian Wannstrom.
16:45 of 2nd period - Stopped by Mike Condon without a rebound.
16:46 of 2nd period - Sebastian Wannstrom wins face-off versus Jeremy Welsh in Comets zone.
16:51 of 2nd period - Wrist shot by Marek Tvrdon.
16:51 of 2nd period - Stopped by Mike Condon with a rebound.
16:53 of 2nd period - Slapshot by Adam Pelech.
16:53 of 2nd period - Shot Misses the Net.
17:07 of 2nd period - Wrist shot by Tyler Kennedy.
17:07 of 2nd period - Stopped by Jared Coreau without a rebound.
17:08 of 2nd period - Colton Sissons wins face-off versus Joel Broda in Wolves zone.
17:08 of 2nd period - Colton Sissons is hit by Andrew Ference.
17:16 of 2nd period - Andrew Ference is hit by Colton Sissons.
17:19 of 2nd period - 10 Minutes Misconduct Penalty to Kent Huskins is over.
17:34 of 2nd period - Wrist shot by Nicklas Jensen.
17:34 of 2nd period - Stopped by Jared Coreau with a rebound.
17:43 of 2nd period - Off-side.
17:44 of 2nd period - Jeremy Welsh wins face-off versus Joe Vitale in neutral zone.
18:01 of 2nd period - Slapshot by Ryan Reaves.
18:01 of 2nd period - Stopped by Mike Condon with a rebound.
18:11 of 2nd period - Snap shot by Ryan Reaves.
18:11 of 2nd period - Shot Hit the Post.
18:19 of 2nd period - Snap shot by Ryan Reaves.
18:19 of 2nd period - Shot Misses the Net.
18:21 of 2nd period - Slapshot by Joe Vitale.
18:21 of 2nd period - Deflect By Jeremy Welsh.
18:21 of 2nd period - Stopped by Mike Condon without a rebound.
18:22 of 2nd period - Sebastian Wannstrom wins face-off versus Joel Broda in Comets zone.
18:25 of 2nd period - Wrist shot by Marek Tvrdon.
18:25 of 2nd period - Shot Blocked by Mark Pysyk.
18:27 of 2nd period - Minor Penalty to Nicklas Jensen for Hooking.
18:28 of 2nd period - Colton Sissons wins face-off versus Tyler Kennedy in Comets zone.
18:49 of 2nd period - Wrist shot by Tyler Kennedy.
18:49 of 2nd period - Shot Blocked by Andre Benoit.
19:39 of 2nd period - Logan Shaw is hit by Ryan Reaves and loses puck.
19:50 of 2nd period - Snap shot by Joakim Nordstrom.
19:50 of 2nd period - Stopped by Mike Condon with a rebound.
19:52 of 2nd period - Wrist shot by Joakim Nordstrom.
19:52 of 2nd period - Stopped by Mike Condon with a rebound.
Goals for this period are 0 for Wolves vs 0 for Comets.
Shots for this period are 8 for Wolves vs 8 for Comets.

3rd period


0:01 of 3rd period - Blair Jones wins face-off versus Tyler Kennedy in neutral zone.
0:03 of 3rd period - Off-side.
0:04 of 3rd period - Blair Jones wins face-off versus Tyler Kennedy in neutral zone.
0:15 of 3rd period - Snap shot by Joakim Nordstrom.
0:15 of 3rd period - Stopped by Mike Condon with a rebound.
0:25 of 3rd period - Snap shot by Ryan Reaves.
0:25 of 3rd period - Deflect By Blair Jones.
0:25 of 3rd period - Stopped by Mike Condon with a rebound.
0:27 of 3rd period - Penalty to Nicklas Jensen is over, Nicklas Jensen is back on ice.
0:33 of 3rd period - Wrist shot by Blair Jones.
0:33 of 3rd period - Shot Misses the Net.
0:41 of 3rd period - Snap shot by Joakim Nordstrom.
0:41 of 3rd period - Stopped by Mike Condon without a rebound.
0:42 of 3rd period - Brendan Gaunce wins face-off versus Marek Tvrdon in Comets zone.
1:07 of 3rd period - Slapshot by Joe Whitney.
1:07 of 3rd period - Deflect By Sebastian Wannstrom.
1:07 of 3rd period - Shot Blocked by Mat Clark.
1:07 of 3rd period - Puck is out of play.
1:08 of 3rd period - Blair Jones wins face-off versus Joel Broda in Comets zone.
1:27 of 3rd period - Snap shot by Scott Glennie.
1:27 of 3rd period - Shot Blocked by Ryan Sproul.
1:41 of 3rd period - Slapshot by Scott Glennie.
1:41 of 3rd period - Shot Misses the Net.
1:43 of 3rd period - Snap shot by Mark Pysyk.
1:43 of 3rd period - Shot Misses the Net.
1:45 of 3rd period - Slapshot by Andrew Ference.
1:45 of 3rd period - Goal by Andrew Ference - Wolves : 1 - Comets : 1.
1:46 of 3rd period - Joakim Nordstrom wins face-off versus Mike Sislo in neutral zone.
3:39 of 3rd period - Brian O'Neill is hit by Scott Glennie and loses puck.
4:01 of 3rd period - Kent Huskins and Kevin Lynch fight to a draw.
4:01 of 3rd period - Penalty to Kent Huskins for Fighting.
4:01 of 3rd period - Kent Huskins is ejected from game.
4:01 of 3rd period - Penalty to Kevin Lynch for Fighting.
4:02 of 3rd period - Jeremy Welsh wins face-off versus Joe Vitale in Wolves zone.
4:13 of 3rd period - Wrist shot by Jeremy Welsh.
4:13 of 3rd period - Shot Blocked by Joe Vitale.
4:15 of 3rd period - Slapshot by Tyler Kennedy.
4:15 of 3rd period - Goal by Tyler Kennedy - Wolves : 1 - Comets : 2.
4:16 of 3rd period - Jeremy Welsh wins face-off versus Joe Vitale in neutral zone.
4:42 of 3rd period - Andre Benoit is hit by Mike Sislo and loses puck.
5:20 of 3rd period - Eric Baier beats up Ben Hanowski.
5:20 of 3rd period - Penalty to Ben Hanowski for Fighting.
5:20 of 3rd period - Penalty to Eric Baier for Fighting.
5:21 of 3rd period - Colton Sissons wins face-off versus Brendan Gaunce in Comets zone.
5:53 of 3rd period - Minor Penalty to John Scott for Hooking.
5:54 of 3rd period - Mike Sislo wins face-off versus Joe Vitale in Comets zone.
5:58 of 3rd period - Slapshot by Andrew Ference.
5:58 of 3rd period - Stopped by Jared Coreau with a rebound.
6:00 of 3rd period - Snap shot by Mike Sislo.
6:00 of 3rd period - Stopped by Jared Coreau with a rebound.
6:02 of 3rd period - Slapshot by Andrew Ference.
6:02 of 3rd period - Shot Blocked by Ryan Sproul.
6:04 of 3rd period - Snap shot by Mike Sislo.
6:04 of 3rd period - Stopped by Jared Coreau with a rebound.
6:06 of 3rd period - Snap shot by Mike Sislo.
6:06 of 3rd period - Stopped by Jared Coreau with a rebound.
6:22 of 3rd period - Snap shot by Jeremy Welsh.
6:22 of 3rd period - Shot Misses the Net.
6:24 of 3rd period - Slapshot by Andrew Ference.
6:24 of 3rd period - Stopped by Jared Coreau without a rebound.
6:25 of 3rd period - Colton Sissons wins face-off versus Brendan Gaunce in Wolves zone.
6:42 of 3rd period - Wrist shot by Sven Baertschi.
6:42 of 3rd period - Shot Misses the Net.
6:44 of 3rd period - Snap shot by Nicklas Jensen.
6:44 of 3rd period - Shot Misses the Net.
6:46 of 3rd period - Slapshot by Nicklas Jensen.
6:46 of 3rd period - Shot Misses the Net.
6:48 of 3rd period - Snap shot by Sven Baertschi.
6:48 of 3rd period - Shot Misses the Net.
6:50 of 3rd period - Slapshot by Derek Meech.
6:50 of 3rd period - Shot Blocked by Adam Pelech.
6:58 of 3rd period - Snap shot by Sven Baertschi.
6:58 of 3rd period - Shot Misses the Net.
7:00 of 3rd period - Wrist shot by Brendan Gaunce.
7:00 of 3rd period - Shot Blocked by Blair Jones.
7:02 of 3rd period - Snap shot by Mat Clark.
7:02 of 3rd period - Shot Misses the Net.
8:09 of 3rd period - Wrist shot by Nicklas Jensen.
8:09 of 3rd period - Stopped by Jared Coreau with a rebound.
8:57 of 3rd period - Snap shot by Joe Whitney.
8:57 of 3rd period - Stopped by Mike Condon with a rebound.
8:59 of 3rd period - Snap shot by Andre Benoit.
8:59 of 3rd period - Shot Blocked by Yann Sauve.
9:03 of 3rd period - Snap shot by Evan Rankin.
9:03 of 3rd period - Shot Blocked by Yann Sauve.
9:32 of 3rd period - Slapshot by Andrew Ference.
9:32 of 3rd period - Shot Misses the Net.
9:34 of 3rd period - Slapshot by Andrew Ference.
9:34 of 3rd period - Shot Misses the Net.
9:36 of 3rd period - Slapshot by Andrew Ference.
9:36 of 3rd period - Deflect By Jeremy Welsh.
9:36 of 3rd period - Shot Misses the Net.
9:36 of 3rd period - Puck is out of play.
9:37 of 3rd period - Kevin Lynch wins face-off versus Jeremy Welsh in Wolves zone.
9:37 of 3rd period - Kevin Lynch is hit by Andrew Ference.
9:57 of 3rd period - Snap shot by Evan Rankin.
9:57 of 3rd period - Shot Misses the Net.
9:59 of 3rd period - Wrist shot by Kevin Lynch.
9:59 of 3rd period - Stopped by Mike Condon without a rebound.
10:00 of 3rd period - Joel Broda wins face-off versus Joe Vitale in Comets zone.
10:00 of 3rd period - Joel Broda is hit by Ryan Reaves.
10:13 of 3rd period - Off-side.
10:14 of 3rd period - Joel Broda wins face-off versus Joe Vitale in neutral zone.
10:44 of 3rd period - Andrew Ference is hit by Ryan Reaves and loses puck.
11:05 of 3rd period - Minor Penalty to Adam Pelech for Hooking.
11:06 of 3rd period - Joe Vitale wins face-off versus Jeremy Welsh in Wolves zone.
11:24 of 3rd period - Wrist shot by Jeremy Welsh.
11:24 of 3rd period - Stopped by Jared Coreau with a rebound.
11:26 of 3rd period - Wrist shot by Andrew Ference.
11:26 of 3rd period - Shot Blocked by Andre Benoit.
11:28 of 3rd period - Slapshot by Andrew Ference.
11:28 of 3rd period - Deflect By Tyler Kennedy.
11:28 of 3rd period - Shot Misses the Net.
11:28 of 3rd period - Puck is out of play.
11:29 of 3rd period - Brendan Gaunce wins face-off versus Joe Vitale in Wolves zone.
11:32 of 3rd period - Snap shot by Andrew Ference.
11:32 of 3rd period - Stopped by Jared Coreau with a rebound.
12:36 of 3rd period - Mike Sislo is hit by Ryan Sproul and loses puck.
12:43 of 3rd period - Jeremy Welsh is hit by Blair Jones and loses puck.
13:05 of 3rd period - Penalty to Adam Pelech is over, Adam Pelech is back on ice.
13:28 of 3rd period - Slapshot by Nicklas Jensen.
13:28 of 3rd period - Stopped by Jared Coreau with a rebound.
13:42 of 3rd period - Snap shot by Nicklas Jensen.
13:42 of 3rd period - Shot Misses the Net.
13:44 of 3rd period - Slapshot by Mat Clark.
13:44 of 3rd period - Shot Misses the Net.
13:46 of 3rd period - Wrist shot by Scott Glennie.
13:46 of 3rd period - Shot Blocked by Eric Baier.
13:48 of 3rd period - Wrist shot by Mat Clark.
13:48 of 3rd period - Stopped by Jared Coreau without a rebound.
13:49 of 3rd period - Colton Sissons wins face-off versus Tyler Kennedy in Wolves zone.
15:21 of 3rd period - Slapshot by Derek Meech.
15:21 of 3rd period - Shot Misses the Net.
15:23 of 3rd period - Wrist shot by Ben Hanowski.
15:23 of 3rd period - Stopped by Jared Coreau with a rebound.
15:25 of 3rd period - Snap shot by Sven Baertschi.
15:25 of 3rd period - Shot Blocked by Andre Benoit.
15:27 of 3rd period - Wrist shot by Brendan Gaunce.
15:27 of 3rd period - Stopped by Jared Coreau without a rebound.
15:28 of 3rd period - Colton Sissons wins face-off versus Jeremy Welsh in Wolves zone.
15:43 of 3rd period - Blair Jones is hit by Mike Sislo and loses puck.
16:37 of 3rd period - Joe Vitale is hit by Andrew Ference and loses puck.
17:32 of 3rd period - Wrist shot by Brendan Gaunce.
17:32 of 3rd period - Shot Misses the Net.
17:57 of 3rd period - Joe Piskula is hit by John Scott.
18:47 of 3rd period - Minor Penalty to Andre Benoit for Slashing.
18:48 of 3rd period - Joe Vitale wins face-off versus Brendan Gaunce in Wolves zone.
18:57 of 3rd period - Slapshot by John Scott.
18:57 of 3rd period - Shot Blocked by Ryan Reaves.
18:59 of 3rd period - Slapshot by Brendan Gaunce.
18:59 of 3rd period - Shot Misses the Net.
19:01 of 3rd period - Snap shot by Derek Meech.
19:01 of 3rd period - Deflect By Ryan Reaves.
19:01 of 3rd period - Stopped by Jared Coreau with a rebound.
19:03 of 3rd period - Snap shot by Brendan Gaunce.
19:03 of 3rd period - Stopped by Jared Coreau with a rebound.
19:05 of 3rd period - Wrist shot by Sven Baertschi.
19:05 of 3rd period - Stopped by Jared Coreau with a rebound.
19:07 of 3rd period - Slapshot by Derek Meech.
19:07 of 3rd period - Shot Blocked by Zach Miskovic.
19:26 of 3rd period - Mike Sislo is hit by Zach Miskovic and loses puck.
19:37 of 3rd period - Ryan Reaves is hit by John Scott and loses puck.
Goals for this period are 0 for Wolves vs 2 for Comets.
Shots for this period are 5 for Wolves vs 17 for Comets.